 Dungeon Crawl Stone Soup version 0.12.2-9-gf1dcfd2 (webtiles) character file.

164 Kigal the Gusty (level 3, 0/19 HPs)
             Began as a Tengu Air Elementalist on July 4, 2013.
             Slain by a gnoll
             ... wielding a +0,+0 club
              (7 damage)
             ... on Level 2 of the Dungeon.
             The game lasted 00:16:13 (1912 turns).

Kigal the Gusty (Tengu Air Elementalist)            Turns: 1912, Time: 00:16:13

HP   0/19        AC  2     Str  8      XL: 3   Next: 91%
MP   2/7         EV 17     Int 16      God:
Gold 110         SH  0     Dex 14      Spells:  2 memorised,  1 level left

Res.Fire  : . . .   See Invis. : .   p - -3,-2 dagger (curse)
Res.Cold  : . . .   Warding    : .   a - +0 robe (curse)
Life Prot.: . . .   Conserve   : .   (no shield)
Res.Poison: .       Res.Corr.  : .   (helmet restricted)
Res.Elec. : .       Clarity    : .   (no cloak)
Sust.Abil.: . .     Spirit.Shd : .   (no gloves)
Res.Mut.  : .       Stasis     : .   (boots unavailable)
Res.Rott. : .       Ctrl.Telep.: .   (no amulet)
Saprovore : . . .   Flight     : .   (no ring)
                                     r - +4 ring of evasion

@: not resistant to hostile enchantments, fairly stealthy
A: beak, talons 3
a: no special abilities


You were on level 2 of the Dungeon.
You were hungry.

You visited 1 branch of the dungeon, and saw 2 of its levels.

You collected 90 gold pieces.

Inventory:

Hand weapons
 d - a +0,+0 orcish club (quivered)
 f - a +2,+1 spear of piercing
 i - a +1,+0 dagger of pain
 l - a +2,+1 vampiric short sword
 n - a +3,+0 elven short sword
 p - a cursed -3,-2 dagger (weapon)
Armour
 a - a cursed +0 robe (worn)
Comestibles
 c - 2 bread rations
 g - a meat ration
 o - an apple
Scrolls
 e - a scroll of enchant armour {unknown}
 j - 2 scrolls of curse jewellery {unknown}
 q - a scroll of noise {unknown}
 s - a scroll of remove curse {unknown}
 u - a scroll of enchant weapon I {unknown}
Jewellery
 r - a +4 ring of evasion (left hand)
Potions
 h - a potion of curing {unknown}
 k - a potion of confusion {unknown}
 m - a potion of magic {unknown}
 t - a potion of porridge {unknown}
 v - a potion of poison {unknown}
Books
 b - a book of Air

   Spells                             Type                      Level
   *Shock                             Conjuration/Air              1
   Swiftness                          Charms/Air                   2
   *Repel Missiles                    Charms/Air                   2
   Flight                             Charms/Air                   3
   Static Discharge                   Conjuration/Air              3
   Lightning Bolt                     Conjuration/Air              5


   Skills:
 - Level 2.4 Dodging
 - Level 2.0 Stealth
 + Level 1.3 Spellcasting
 + Level 2.5 Conjurations
 + Level 5.3 Air Magic


You had one spell level left.
You knew the following spells:

 Your Spells              Type           Power        Failure   Level  Hunger
a - Shock                 Conj/Air       ###..        6%          1    ##.....
b - Repel Missiles        Chrm/Air       ##........   12%         2    ###....


Dungeon Overview and Level Annotations

Branches:
Dungeon (2/27)

Altars:
Yredelemnul


Innate Abilities, Weirdness & Mutations

You have a beak for a mouth.
You have claws for feet.


Message History

Confirm with . or Enter, or press ? or * to list all spells.
Aiming: Shock
Press: ? - help, Shift-Dir - straight line, f/p - gnoll
Aim: a gnoll, wielding a club (moderately wounded, moving very quickly)
The zap misses the gnoll.
The zap hits the gnoll.
The gnoll is moderately wounded.
The gnoll misses you.
Casting: Shock
Confirm with . or Enter, or press ? or * to list all spells.
You don't have enough magic to cast that spell.
Unknown command.
The gnoll misses you. The gnoll hits you with a club! The gnoll misses you.
The gnoll hits you but does no damage. The gnoll closely misses you.
The gnoll misses you. The gnoll hits you but does no damage.
The gnoll hits you with a club!
You die...

### #### ##.## #...
##########...## #.##
#...g..##.....# #.##
#.####g#*#.).#* #.## #.#
#@####.########.## #.#
#................. #.#
######.#######.... #.#
*#+## #.#.# #.# *#...##
#.#.# #.# *#.....#* #.#.#
##.## ##.......** #.#.#
##...####.........*##....
#.......'.........+......


You could see a gnoll.

Vanquished Creatures
  2 gnolls
  2 giant geckos (D:1)
  4 bats (D:1)
  3 giant cockroaches
  A hobgoblin (D:2)
  2 quokkas (D:2)
  A ball python (D:2)
  4 giant newts (D:1)
  5 goblins
  2 kobolds (D:1)
  7 rats
  A spectral orc (D:2)
34 creatures vanquished.

Notes
Turn   | Place    | Note
--------------------------------------------------------------
     0 | D:1      | Kigal, the Tengu Air Elementalist, began the quest for the Orb.
     0 | D:1      | Reached XP level 1. HP: 10/10 MP: 3/3
   425 | D:1      | Reached XP level 2. HP: 4/15 MP: 5/5
   806 | D:1      | Reached skill level 5 in Air Magic
   806 | D:1      | Reached XP level 3. HP: 15/19 MP: 3/6
  1027 | D:1      | Learned a level 2 spell: Repel Missiles
  1607 | D:2      | Found a basalt altar of Yredelemnul.
  1912 | D:2      | Slain by a gnoll

Action                   || total
-------------------------++-------
Melee: Dagger            ||    16
 Cast: Shock             ||    71
  Use: Scroll            ||     4
